cohdb
Replays
Latest Replays
All Replays
Popular Replays
Top Player Replays
Match Explorer
How It Works
Community
CoH3 Stats
Reddit
Sign in to upload your games and track your stats! →
Sign in with Steam
Match 35115795
Unlisted
Match 35115795
Overview
Messages
Build Orders
End
Construct Infanterie Kompanie
Kettenkrad Recon Vehicle
Selects Mechanized Battlegroup
MG 42 Machine Gun Team
Grenadier Squad
GrW 34 Mortar Team
Grenadier Squad
Medical Station
MG 42 Machine Gun Team
Selects Spotting Scopes
Construct Luftwaffe Kompanie
Jäger Squad
Selects Raid Package
Support Elements
Marder III M Tank Destroyer
Infanterie Officer Quarters
Selects StuG Assault Group
Jäger Squad
StuG Assault Group
Jäger Squad
Atomic Floyd
deadsadbadmad
Alessandro-9891
The King In Yellow
Touffic
MaplePine
0
0
Comments
sign in to comment!
No comments posted yet!